 Dungeon Crawl Stone Soup version 0.27.1-33-g824d729ab1 (webtiles) character file.

Game seed: 12517579933798991703

9148 raph the Severer (level 11, -4/90 HPs)
             Began as a Deep Dwarf Fighter on Nov 29, 2021.
             Was a Priest of Elyvilon.
             Slain by a two-headed ogre (11 damage)
             ... on level 8 of the Dungeon.
             The game lasted 00:26:10 (12543 turns).

raph the Severer (Deep Dwarf Fighter)              Turns: 12543, Time: 00:26:11

Health: -4/90      AC: 15    Str: 19    XL:     11   Next: 19%
Magic:  8/13       EV: 10    Int: 10    God:    Elyvilon [***...]
Gold:   636        SH:  5    Dex: 15    Spells: 10/10 levels left

rFire    . . .     SeeInvis .   a - +1 war axe (freeze)
rCold    . . .     Faith    +   t - +0 buckler
rNeg     . . .     Spirit   .   d - +0 plate armour
rPois    +         Reflect  .   H - +0 helmet
rElec    .         Harm     .   m - +0 cloak
rCorr    .         Rampage  .   w - +0 pair of gloves
Will     +....                  (no boots)
Stlth    ..........             F - amulet of faith
HPRegen  0.00/turn              z - +4 ring of evasion
MPRegen  0.13/turn              C - ring of poison resistance

@: no status effects
A: damage resistance, heal wounds, sense surroundings 2, no regeneration
a: Heal Wounds, Renounce Religion, Lesser Healing, Heal Other, Purification,
Divine Protection


You were on level 8 of the Dungeon.
You worshipped Elyvilon.
Elyvilon was most pleased with you.
You visited 2 branches of the dungeon, and saw 12 of its levels.
You also visited: Sewer.

You collected 636 gold pieces.

Inventory:

Hand Weapons
 a - a +1 war axe of freezing (weapon)
 b - a +0 fustibalus
 h - a +0 hunting sling
 A - a +2 war axe
 J - a +0 morningstar
Missiles
 i - 314 stones
 y - 46 sling bullets
Armour
 c - a +0 kite shield
 d - a +0 plate armour (worn)
 m - a +0 cloak (worn)
 s - a +0 scale mail
 t - a +0 buckler (worn)
 w - a +0 pair of gloves (worn)
 H - a +0 helmet (worn)
Jewellery
 x - a ring of willpower
 z - a +4 ring of evasion (left hand)
 C - a ring of poison resistance (right hand)
 F - an amulet of faith (around neck)
 K - a ring of fire
Wands
 g - a wand of paralysis (11)
 o - a wand of polymorph (7)
 p - a wand of acid (5)
 r - a wand of mindburst (32)
 D - a wand of flame (11)
 E - a wand of charming (11)
 I - a wand of iceblast (10)
Scrolls
 n - 5 scrolls of teleportation
 B - 2 scrolls of fear
 G - 2 scrolls of identify
Potions
 e - a potion of might
 f - 2 potions of magic
 j - 3 potions of cancellation
 k - 2 potions of attraction
 l - a potion of flight
 q - 2 potions of invisibility
 u - 2 potions of haste
 v - a potion of curing


   Skills:
 + Level 3.1 Fighting
 - Level 16.0 Axes
 + Level 1.7 Slings
 + Level 3.9 Armour
 + Level 1.8 Dodging
 - Level 4.0 Shields
 * Level 9.0 Invocations


You had 10 spell levels left.
You didn't know any spells.
Your spell library contained the following spells:

 Spells                   Type           Power      Damage    Failure   Level
 Foxfire                  Conj/Fire      0%         2x1d4     100%        1
 Corpse Rot               Necr/Air       N/A        N/A       100%        2
 Passwall                 Tmut/Erth      0%         N/A       100%        2
 Poisonous Vapours        Pois/Air       0%         N/A       100%        2
 Sublimation of Blood     Necr           0%         N/A       100%        2
 Wereblood                Tmut           0%         N/A       100%        2
 Conjure Flame            Conj/Fire      0%         6-21      100%        3
 Inner Flame              Hex/Fire       0%         N/A       100%        3
 Swiftness                Air            0%         N/A       100%        3
 Passage of Golubria      Tloc           N/A        N/A       100%        4
 Freezing Cloud           Conj/Ice/Air   0%         6-21      100%        5
 Silence                  Hex/Air        0%         N/A       100%        5
 Invisibility             Hex            0%         N/A       100%        6
 Summon Hydra             Summ           0%         N/A       100%        7
 Borgnjor's Revivificati  Necr           0%         N/A       100%        8
 Lehudib's Crystal Spear  Conj/Erth      0%         10d2      100%        8
 Necromutation            Tmut/Necr      0%         N/A       100%        8
 Death's Door             Necr           0%         N/A       100%        9


Dungeon Overview and Level Annotations

Branches:
Dungeon (11/15)            Temple (1/1) D:5            Lair (0/6) D:8
    Orc (0/2) D:9           Sewer (visited)

Altars:
Ashenzari
Cheibriados
Dithmenos
Elyvilon
Fedhas
Gozag
Hepliaklqana
Kikubaaqudgha
Nemelex Xobeh
Okawaru
Qazlal
Ru
Sif Muna
Trog
Vehumet
Wu Jian
Xom
Yredelemnul
Zin
The Shining One

Portals:
Trove: D:10 (give 8 potions of haste)

Annotations:
D:3 2 transporters
D:4 2 runed translucent doors


Innate Abilities, Weirdness & Mutations

You are resistant to damage.
You can heal yourself by infusing magical energy.
You passively map the area around you.
You do not regenerate.


Message History

There is an open door here.
A black bear comes into view.
The black bear growls angrily.
Press: ? - help, Dir - move target, f - black bear Heal: a black bear (chance to pacify: 86%)
The black bear turns neutral.
You open the door.
There is an open door here.
Found 11 gold pieces.
You start waiting.
Done waiting.
You now have 636 gold pieces (gained 11).
You open the door.
There is an open door here.
Found a stone staircase leading down.
You open the door.
There is an open door here.
You open the door.
There is an open door here.
A two-headed ogre comes into view.
It is wielding a +0 giant club and a +0 giant spiked club.
The two-headed ogre shouts in stereo!
A two-headed ogre is nearby!
Press: ? - help, Dir - move target, f - two-headed ogre Heal: a two-headed ogre, wielding a +0 giant club and a +0 giant spiked club (chance to pacify: 33%)
The light of Elyvilon almost touches upon the two-headed ogre.
The two-headed ogre hits you with a +0 giant club!!
The two-headed ogre hits you with a +0 giant spiked club.
Press: ? - help, Dir - move target, f/p - two-headed ogre Heal: a two-headed ogre, wielding a +0 giant club and a +0 giant spiked club (chance to pacify: 33%)
The light of Elyvilon fails to reach the two-headed ogre.
The two-headed ogre closely misses you.
The two-headed ogre hits you with a +0 giant spiked club!!
* * * LOW HITPOINT WARNING * * *
Press: ? - help, Dir - move target, f/p - two-headed ogre Heal: a two-headed ogre, wielding a +0 giant club and a +0 giant spiked club (chance to pacify: 33%)
The light of Elyvilon fails to reach the two-headed ogre.
The two-headed ogre hits you with a +0 giant club!!
* * * LOW HITPOINT WARNING * * *
The two-headed ogre hits you with a +0 giant spiked club!
You die...

#.# * #.# #.# .#
#.# #.# .# #.#
#.# .# #.# #.#
*.# .# #.# .# *
#.# .#
#.#############.#
*
#........@O.....#
, ,
###############.#
*, * * ##


You could see a two-headed ogre.

Vanquished Creatures
  A centaur warrior (D:9)
  Pikel (D:4)
  3 centaur zombies
  A troll (D:10)
  Sigmund (D:3)
  4 yaks
  A wraith (D:10)
  5 steam dragons
  Edmund (D:6)
  3 water moccasins
  A sky beast (D:7)
  2 ogres
  6 orc warriors
  4 necrophages (D:4)
  A phantom (D:5)
  A centaur (D:7)
  Blork the orc (D:6)
  4 bullfrogs (D:8)
  A kobold brigand (D:10)
  2 scorpions
  A water moccasin skeleton (D:7)
  15 killer bees
  16 wights
  A howler monkey (D:7)
  A human zombie (D:4)
  A hound (D:5)
  A jelly (D:8)
  Crazy Yiuf (D:7)
  5 orc priests
  A scorpion zombie (D:4)
  4 iguanas
  14 orc wizards
  A killer bee zombie (D:7)
  3 hound zombies
  2 mummies (D:4)
  A howler monkey zombie (D:4)
  4 adders
  A white imp (D:7)
  2 ufetubi
  An adder zombie (D:4)
  2 worms
  2 dart slugs (D:2)
  29 orcs
  7 ball pythons
  7 endoplasms
  A giant cockroach (D:2)
  7 hobgoblins
  6 jackals
  12 kobolds
  3 quokkas
  8 bats
  5 frilled lizards
  7 goblins
  6 rats
222 creatures vanquished.

Vanquished Creatures (others)
  21 fungi
  13 plants
34 creatures vanquished.

Grand Total: 256 creatures vanquished

Notes
Turn   | Place    | Note
-------+----------+-------------------------------------------
     0 | D:1      | raph the Deep Dwarf Fighter began the quest for the Orb.
     0 | D:1      | Reached XP level 1. HP: 20/20 MP: 1/1
   182 | D:1      | Reached skill level 3 in Axes
   193 | D:1      | Reached XP level 2. HP: 21/27 MP: 2/2
   203 | D:1      | You fall into a shaft and drop 1 floor!
   203 | D:2      | Found a sparkling altar of Nemelex Xobeh.
   240 | D:2      | Noticed a scorpion
   251 | D:2      | Killed a scorpion
   252 | D:2      | Reached skill level 4 in Axes
   252 | D:2      | Reached XP level 3. HP: 19/33 MP: 3/3
   252 | D:2      | Reached XP level 4. HP: 23/40 MP: 4/4
   569 | D:1      | Found a faded altar of an unknown god.
   613 | D:1      | Reached skill level 5 in Axes
  2004 | D:3      | Found a transporter.
  2093 | D:3      | Found a transporter.
  2098 | D:3      | Noticed Sigmund
  2291 | D:4      | Found a glowing drain.
  2293 | D:4      | Noticed Pikel
  2293 | D:4      | Noticed a lemure
  2293 | D:4      | Noticed a lemure
  2293 | D:4      | Noticed a lemure
  2294 | D:4      | Noticed a lemure
  2325 | Sewer    | Entered a sewer
  2530 | Sewer    | Noticed a water moccasin
  2547 | Sewer    | Killed a water moccasin
  2548 | Sewer    | Reached skill level 6 in Axes
  2548 | Sewer    | Reached XP level 5. HP: 33/46 MP: 4/4
  2621 | D:4      | Killed Pikel
  2622 | D:4      | Reached skill level 9 in Axes
  2622 | D:4      | Reached XP level 6. HP: 29/55 MP: 5/5
  2622 | D:4      | Reached XP level 7. HP: 32/61 MP: 6/6
  3085 | D:4      | Found a stormy altar of Qazlal.
  3085 | D:4      | Found a hazy altar of Hepliaklqana.
  3085 | D:4      | Found a broken altar of Ashenzari.
  3087 | D:4      | Found an opulent altar of Gozag.
  3244 | D:4      | Reached skill level 10 in Axes
  3244 | D:4      | Found a basalt altar of Yredelemnul.
  3262 | D:4      | Reached XP level 8. HP: 37/68 MP: 6/6
  3437 | D:4      | Reached skill level 11 in Axes
  3494 | D:4      | Found a large runed translucent door.
  3495 | D:4      | Found a large runed translucent door.
  3560 | D:5      | Entered Level 5 of the Dungeon
  3774 | D:6      | Reached skill level 12 in Axes
  4018 | D:5      | Found a staircase to the Ecumenical Temple.
  4024 | Temple   | Entered the Ecumenical Temple
  4085 | Temple   | Became a worshipper of Elyvilon the Healer
  4521 | D:3      | Killed Sigmund
  4522 | D:3      | Gained mutation: You passively map the area around you.
                  | [Deep Dwarf growth]
  4522 | D:3      | Reached XP level 9. HP: 31/74 MP: 7/7
  5130 | D:6      | Reached * piety under Elyvilon
  5175 | D:6      | Noticed Edmund
  5190 | D:6      | Killed Edmund
  5359 | D:6      | Noticed Blork the orc
  5371 | D:6      | Killed Blork the orc
  5372 | D:6      | Reached skill level 13 in Axes
  6023 | D:6      | Reached skill level 14 in Axes
  7002 | D:7      | Found a shadowy altar of Dithmenos.
  7002 | D:7      | Found a sacrificial altar of Ru.
  7016 | D:7      | Found a shimmering blue altar of Sif Muna.
  8029 | D:7      | Found a runed translucent door.
  8030 | D:7      | Noticed Crazy Yiuf
  8037 | D:7      | Killed Crazy Yiuf
  8369 | D:8      | Reached XP level 10. HP: 58/81 MP: 6/6
  8426 | D:8      | Reached skill level 15 in Axes
  9154 | D:8      | Reached skill level 1 in Invocations
  9260 | D:8      | Found a staircase to the Lair.
  9283 | D:8      | Found a glowing golden altar of the Shining One.
  9292 | D:8      | Noticed a two-headed ogre
  9520 | D:9      | Reached ** piety under Elyvilon
  9661 | D:9      | Noticed a centaur warrior
  9672 | D:9      | Killed a centaur warrior
  9673 | D:9      | Reached skill level 5 in Invocations
 10004 | D:9      | Found an ornate altar of the Wu Jian Council.
 10069 | D:9      | Found a staircase to the Orcish Mines.
 10429 | D:10     | Entered Level 10 of the Dungeon
 10485 | D:10     | Found a portal to a secret trove of treasure.
 10812 | D:10     | Reached skill level 16 in Axes
 11054 | D:10     | Reached *** piety under Elyvilon
 11263 | D:10     | Reached XP level 11. HP: 36/88 MP: 13/13
 11540 | D:11     | Noticed a boulder beetle
 11543 | D:11     | Pacified a boulder beetle
 11544 | D:11     | Reached skill level 1 in Slings
 11544 | D:11     | Reached skill level 1 in Dodging
 11648 | D:11     | Noticed a boulder beetle
 11650 | D:11     | Pacified a boulder beetle
 11928 | D:8      | Pacified a two-headed ogre
 12535 | D:8      | Noticed a two-headed ogre
 12543 | D:8      | Slain by a two-headed ogre

Illustrated notes

Levels and vault maps discovered:
D:1:      onia_arrival_mini_spirals, layout_basic, serial_bayou,
          serial_bayou_shore_a, serial_bayou_crossing, serial_bayou_pond_b,
          serial_bayou_lagoon_a, chequers_ecumenical_altar_simple_redux
D:2:      layout_loops_ring, basic_altar
D:3:      gammafunk_wand_slinger, layout_loops_cross, uniq_sigmund
D:4:      layout_rooms, lemuel_mausoleum_altar_yredelemnul,
          grunt_temple_overflow_cloverleaf, jmf_multi_god_temple2,
          cheibrodos_sewer_entry_sluice, grunt_ministairs_12, uniq_pikel
D:5:      wad_lake_hut, layout_rooms, minmay_temple_entry_hall
D:6:      layout_rooms, uniq_edmund, uniq_blork_the_orc
D:7:      layout_loops_ring, lemuel_crystal_altar,
          mainiacjoe_overflow_large_starburst, patterned_corridor,
          uniq_crazy_yiuf_cottage
D:8:      layout_basic, lemuel_doored_altar, grunt_lair_entry_orc_guard_hut
D:9:      layout_roguey, nzn_wu_jian_contemplation, orc_0_dummy,
          lemuel_another_geyser
D:10:     layout_small_grid, enter_trove_1, eino_small_chamber_without_monster
D:11:     layout_cave_pools
Temple:   eino_wide_crystal_templ

Skill      XL: |  1  2  3  4  5  6  7  8  9 10 11 |
---------------+----------------------------------+-----
Axes           | 3 4 6 9 10 12 14 16 | 16.0
Shields        | 4 |  4.0
Invocations    | 8 9 |  9.0
Fighting       | 3 |  3.1
Slings         | 1 |  1.7
Dodging        | 1 |  1.8
Armour         | |  3.9

Action                   |  1- 3 |  4- 6 |  7- 9 | 10-12 || total
-------------------------+-------+-------+-------+-------++-------
Melee: War axe           |    24 |   106 |   389 |   194 ||   713
 Fire: Fustibalus        |       |       |    41 |    38 ||    79
Invok: Lesser Healing    |       |       |    26 |    34 ||    60
       Heal Other        |       |       |       |    12 ||    12
 Abil: Heal Wounds       |       |     3 |    13 |     2 ||    18
Evoke: Wand              |       |       |     4 |     5 ||     9
  Use: Scroll            |       |     5 |    14 |     5 ||    24
       Potion            |       |     1 |     1 |     1 ||     3
Armor: Scale mail        |    16 |    63 |       |       ||    79
       Plate armour      |       |       |   205 |   128 ||   333
Dodge: Dodged            |     7 |    60 |    79 |    54 ||   200
Block: Buckler           |       |     3 |    59 |    42 ||   104
